 Dungeon Crawl Stone Soup version 0.20.1-1-g8b1a95d (webtiles) character file.

180 Eliminator the Chopper (level 5, 0/70 HPs)
             Began as a Minotaur Berserker on Oct 17, 2017.
             Was a Believer of Trog.
             Slain by Sigmund
             ... wielding a +1 scythe of venom
              (9 damage)
             ... on level 3 of the Dungeon.
             The game lasted 00:11:45 (2358 turns).

Eliminator the Chopper (Minotaur Berserker)         Turns: 2358, Time: 00:11:46

Health: 0/70       AC:  2    Str: 28    XL:     5   Next: 33%
Magic:  4/4        EV: 13    Int:  4    God:    Trog [**....]
Gold:   136        SH:  0    Dex:  9    Spells: 4/4 levels left

rFire    . . .     SeeInvis .   a - +0 hand axe
rCold    . . .     Gourm    .   (no shield)
rNeg     . . .     Faith    .   b - +0 animal skin
rPois    .         Spirit   .   (helmet restricted)
rElec    .         Reflect  .   (no cloak)
rCorr    .         Harm     .   (no gloves)
MR       ++...                  (no boots)
Stlth    ..........             (no amulet)
Regen    1.3/turn               (no ring)
MPRegen  0.1/turn               (no ring)

@: berserking, lethally poisoned (0 -> 0), regenerating, very quick
A: retaliatory headbutt, horns 2
a: Berserk, Trog's Hand, Burn Spellbooks, Renounce Religion


You were on level 3 of the Dungeon.
You worshipped Trog.
Trog was pleased with you.
You were very hungry.

You visited 1 branch of the dungeon, and saw 3 of its levels.

You collected 136 gold pieces.

Inventory:

Hand Weapons
 a - a +0 hand axe (weapon)
 t - a +0 club
Armour
 b - a +0 animal skin (worn)
Jewellery
 k - an uncursed ring of fire {unknown}
Wands
 n - a wand of flame (16/48)
Scrolls
 d - a scroll of immolation {unknown}
 e - a scroll of noise {unknown}
 f - 5 scrolls of identify {unknown}
 g - 3 scrolls of teleportation {unknown}
 m - 3 scrolls of magic mapping {unknown}
 p - a scroll of recharging {unknown}
 r - a scroll of enchant armour {unknown}
Potions
 h - 2 potions of magic {unknown}
 i - a potion of resistance {unknown}
 j - 2 potions of agility {unknown}
 q - a potion of mutation {unknown}
Comestibles
 c - 4 bread rations
 l - 2 meat rations
 o - a royal jelly
 s - 2 chunks of flesh


   Skills:
 + Level 4.4 Fighting
 + Level 5.9 Axes
 + Level 2.4 Armour
 + Level 3.7 Dodging
 + Level 0.1 Stealth


You had 4 spell levels left.
You didn't know any spells.

Dungeon Overview and Level Annotations

Branches:
Dungeon (3/15)

Altars:
Xom

Annotations:
D:3 Sigmund


Innate Abilities, Weirdness & Mutations

You reflexively headbutt those who attack you in melee.
You have a pair of horns on your head.


Message History

* * * LOW HITPOINT WARNING * * *
You slash the orc!
The orc is almost dead.
You feel sick.
You slice the orc!!
You kill the orc!
Trog accepts your kill.
You feel sick. Sigmund gestures at you while chanting. The magic dart hits you!
* * * LOW HITPOINT WARNING * * *
You feel sick. Sigmund closely misses you.
You see here a flail.
You barely miss Sigmund. You barely miss Sigmund. Your headbutt misses Sigmund.
You slash the goblin!
You kill the goblin!
Trog accepts your kill.
You feel sick.
Sigmund hits you with a scythe of venom!
You die...

........#..).#
........#.)..#
........###รท##
..........)..# #
.............# .###
.............# ##...
.............# ...
.............##@######
........###...@......'
........# #####.######
....... .# ...... .#
#+# .# .# .# .#


You could see Sigmund.

Vanquished Creatures
  2 crimson imps (D:3)
  6 adders
  An ooze (D:2)
  2 worms
  2 dart slugs
  An orc (D:3)
  A giant cockroach (D:2)
  5 goblins
  3 hobgoblins
  4 jackals
  A quokka (D:2)
  A bat (D:2)
  A frilled lizard (D:1)
  12 kobolds
  6 rats
48 creatures vanquished.

Notes
Turn   | Place    | Note
-------+----------+-------------------------------------------
     0 | D:1      | Eliminator the Minotaur Berserker began the quest for the Orb.
     0 | D:1      | Reached XP level 1. HP: 19/19 MP: 0/0
   138 | D:1      | Reached skill level 4 in Axes
   235 | D:1      | Reached XP level 2. HP: 26/26 MP: 1/1
   886 | D:1      | Reached XP level 3. HP: 23/33 MP: 2/2
  1123 | D:2      | Reached ** piety under Trog
  1273 | D:2      | Reached skill level 5 in Axes
  1278 | D:2      | Reached XP level 4. HP: 10/40 MP: 3/3
  1914 | D:3      | Found a shimmering altar of Xom.
  2284 | D:3      | Reached XP level 5. HP: 19/47 MP: 4/4
  2348 | D:3      | Noticed Sigmund
  2358 | D:3      | Slain by Sigmund

Skill      XL: |  1  2  3 |
---------------+----------+-----
Axes           | 4 5 |  5.9
Fighting       | 4 |  4.4
Dodging        | 3 |  3.7
Armour         | |  2.4
Stealth        | |  0.1

Action                   |  1- 3 |  4- 6 || total
-------------------------+-------+-------++-------
Melee: Hand axe          |    66 |    57 ||   123
       Headbutt          |    11 |     5 ||    16
Invok: Berserk           |     3 |     1 ||     4
       Trog's Hand       |       |     1 ||     1
  Eat: Meat ration       |     1 |       ||     1
       Chunk             |       |     2 ||     2
Armor: Animal skin       |     7 |     8 ||    15
Dodge: Dodged            |    47 |    33 ||    80
